 Dungeon Crawl Stone Soup version 0.29.1-14-g9c671dbff4 (webtiles) character file.

Game seed: 1453913964539818025

1044 devnull the Cleaver (level 8, -7/58 HPs)
             Began as a Human Fighter on Feb 18, 2023.
             Killed from afar by an electric eel (10 damage)
             ... with a bolt of electricity
             ... on level 6 of the Dungeon.
             The game lasted 00:11:16 (4091 turns).

devnull the Cleaver (Human Fighter)                 Turns: 4091, Time: 00:11:17

Health: -7/58      AC: 11    Str: 20    XL:     8   Next: 49%
Magic:  8/8        EV: 13    Int:  8    God:
Gold:   185        SH:  5    Dex: 18    Spells: 7/7 levels left

rFire   . . .      SeeInvis .   a - +0 war axe
rCold   . . .      Faith    .   c - +0 buckler
rNeg    . . .      Spirit   .   I - +0 scale mail
rPois   .          Reflect  .   t - +0 helmet
rElec   .          Harm     .   D - +0 cloak
rCorr   .          Rampage  .   i - +1 pair of gloves
Will    .....                   (no boots)
Stlth   ..........              (no amulet)
HPRegen 0.19/turn               x - +4 ring of evasion
MPRegen 0.11/turn               H - +6 ring of dexterity

@: hasted, very quick
A: no striking features
a: no special abilities


You were on level 6 of the Dungeon.
You visited 1 branch of the dungeon, and saw 6 of its levels.
You also visited: Sewer.

You collected 185 gold pieces.

Inventory:

Hand Weapons
 a - a +0 war axe (weapon)
 b - a +0 sling
Missiles
 n - 17 poisoned darts (quivered)
Armour
 c - a +0 buckler (worn)
 i - a +1 pair of gloves (worn)
 t - a +0 helmet (worn)
 D - a +0 cloak (worn)
 I - a +0 scale mail (worn)
Jewellery
 x - a +4 ring of evasion (left hand)
 H - a +6 ring of dexterity (right hand)
Wands
 s - a wand of charming (4)
 w - a wand of roots (2)
 F - a wand of flame (22)
Scrolls
 e - 2 scrolls of fog
 h - a scroll of amnesia
 j - 4 scrolls of teleportation
 k - 2 scrolls of blinking
 o - 2 scrolls of poison {unknown}
 q - a scroll of enchant armour {unknown}
 r - a scroll of vulnerability {unknown}
 u - a scroll of silence {unknown}
 y - a scroll of fear {unknown}
 A - a scroll of summoning {unknown}
 E - a scroll of identify
 G - a scroll of enchant weapon {unknown}
Potions
 d - a potion of might
 f - 2 potions of resistance {unknown}
 g - 2 potions of degeneration {unknown}
 l - 6 potions of mutation {unknown}
 m - a potion of haste
 p - a potion of magic {unknown}
 v - a potion of ambrosia {unknown}
 z - a potion of heal wounds {unknown}
 B - a potion of brilliance {unknown}
 C - a potion of invisibility {unknown}
 J - a potion of flight {unknown}


   Skills:
 - Level 3.0 Fighting
 + Level 9.6 Axes
 - Level 3.0 Armour
 - Level 3.0 Shields


You had 7 spell levels left.
You didn't know any spells.
Your spell library contained the following spells:

 Spells                   Type           Power      Damage    Failure   Level
 Beastly Appendage        Tmut           0%         N/A       86%         1
 Freeze                   Ice            0%         1d3       86%         1
 Wereblood                Tmut           0%         N/A       94%         2
 Frozen Ramparts          Ice            0%         1d1       99%         3
 Spider Form              Tmut/Pois      0%         N/A       99%         3
 Hailstorm                Conj/Ice       0%         3d3       100%        4


Dungeon Overview and Level Annotations

Branches:
Dungeon (6/15)              Sewer (visited)
 Temple: D:4-7

Altars:
Cheibriados
Fedhas
Nemelex Xobeh


Message History

The gnoll is no longer moving quickly. x2
The gnoll bouda barks out a call to the hunt!
The gnolls pick up the pace!
The gnoll attacks as you move away! The gnoll barely misses you.
The gnoll closely misses you. The gnoll attacks as you move away!
The gnoll misses you.
Your attacks no longer feel as feeble.
The gnoll hits you with a +0 flail.
* * * LOW HITPOINT WARNING * * *
You block the gnoll's attack. You block the gnoll's attack.
The gnoll attacks as you move away! You block the gnoll's attack. x2
The gnoll hits you but does no damage. The gnoll attacks as you move away!
The gnoll hits you with a +0 flail.
* * * LOW HITPOINT WARNING * * *
The gnoll hits you with a +0 flail.
* * * LOW HITPOINT WARNING * * *
The gnoll bouda calls upon its god to heal the gnoll.
The gnoll is healed somewhat.
Okay, then.
Unknown command.
Okay, then.
Okay, then.
Unknown command.
Unknown command.
Blink to where?
Press: ? - help, Dir - move target
As you read the scroll of blinking, it crumbles to dust.
You climb downwards.
The gnoll shouts! x4
Found a book of Ice.
There is a stone staircase leading up here.
You feel yourself speed up.
A gnoll bouda comes into view. It is wielding a +0 whip.
The gnoll bouda shouts!
Found a scroll of identify.
Found a stone staircase leading down.
An electric eel comes into view.
The electric eel shoots out a bolt of lightning at you!
The bolt of electricity hits the gnoll!
The bolt of electricity hits you!
You die...

#......# #......#
#......#
######......+ #
#...........# ##.#
#.###.......##...#
#.# #...##g....#
#.# ###.g......#
#@# #####.g.##
#..g..#..g....#
####........:.....
#....####......
#..##S ~#...# #.
≈#?... # ≈# .## ≈≈
..


You could see an electric eel and a gnoll.

Vanquished Creatures
  A steam dragon (D:5)
  Pargi (Sewer)
  An ice beast (D:5)
  A black bear (D:4)
  A phantom (D:5)
  A bullfrog (D:4)
  A scorpion (D:5)
  2 jellies
  A hound (D:5)
  2 orc wizards (D:5)
  Robin (D:3)
  9 gnolls (D:5)
  8 adders
  A river rat (D:4)
  A shadow imp (D:5)
  2 worms
  3 dart slugs
  6 orcs
  5 endoplasms
  5 giant cockroaches
  13 goblins
  7 hobgoblins
  6 jackals
  4 quokkas
  11 ball pythons
  3 bats
  3 frilled lizards
  5 kobolds
  5 rats
110 creatures vanquished.

Notes
Turn   | Place    | Note
-------+----------+-------------------------------------------
     0 | D:1      | devnull the Human Fighter began the quest for the Orb.
     0 | D:1      | Reached XP level 1. HP: 18/18 MP: 1/1
   223 | D:1      | Reached XP level 2. HP: 22/24 MP: 2/2
   298 | D:1      | Found a faded altar of an unknown god.
   582 | D:1      | Reached skill level 3 in Axes
   705 | D:1      | Reached XP level 3. HP: 26/29 MP: 3/3
  1171 | D:2      | Reached skill level 4 in Axes
  1171 | D:2      | Reached XP level 4. HP: 35/35 MP: 4/4
  1759 | D:3      | Noticed Robin
  1774 | D:3      | Killed Robin
  1775 | D:3      | Reached XP level 5. HP: 30/41 MP: 5/5
  2221 | D:4      | Noticed a bullfrog
  2238 | D:4      | Killed a bullfrog
  2239 | D:4      | Reached skill level 5 in Axes
  2240 | D:4      | Found a snail-covered altar of Cheibriados.
  2388 | D:4      | Reached XP level 6. HP: 31/45 MP: 6/6
  2420 | D:4      | Found a glowing drain.
  2475 | Sewer    | Entered a sewer
  2497 | Sewer    | Noticed Pargi
  2505 | Sewer    | Killed Pargi
  2506 | Sewer    | Reached skill level 6 in Axes
  2844 | D:4      | Reached skill level 7 in Axes
  2844 | D:4      | Reached XP level 7. HP: 18/52 MP: 7/7
  3084 | D:4      | Found a blossoming altar of Fedhas.
  3091 | D:4      | Found a sparkling altar of Nemelex Xobeh.
  3314 | D:5      | Entered Level 5 of the Dungeon
  3335 | D:5      | Noticed a steam dragon
  3350 | D:5      | Killed a steam dragon
  3351 | D:5      | Reached skill level 8 in Axes
  3554 | D:5      | Reached XP level 8. HP: 33/58 MP: 8/8
  3851 | D:5      | Reached skill level 9 in Axes
  4070 | D:5      | HP: 1/58 [gnoll/+0 flail[a gnoll bouda] (4)]
  4091 | D:6      | Killed from afar by an electric eel

Illustrated notes

Levels and vault maps discovered:
D:1:      noname_arrival_rooms_in_the_neighbourhood, layout_loops_cross,
          shapermc_ecumenical_altar_mp_urbaneastern, minmay_pentomino_r2
D:2:      wander_river, layout_rooms
D:3:      layout_loops_cross, uniq_robin
D:4:      layout_basic, cheibriados_altar_1, minitemple, gup_sewer_entry_bubbles
D:5:      layout_basic
D:6:      minmay_octagon_keep, layout_basic, minmay_temple_entry_large_hall,
          serial_shops, shop, minivault_4

Skill      XL: |  1  2  3  4  5  6  7  8 |
---------------+-------------------------+-----
Axes           | 3 4 5 7 8 9 |  9.6
Fighting       | |  3.0
Armour         | |  3.0
Shields        | |  3.0

Action                   |  1- 3 |  4- 6 |  7- 9 || total
-------------------------+-------+-------+-------++-------
Melee: War axe           |    71 |   172 |   100 ||   343
 Fire: Sling             |       |       |     5 ||     5
Evoke: Wand              |       |     3 |     3 ||     6
  Use: Scroll            |     3 |     1 |     1 ||     5
       Potion            |       |       |     1 ||     1
Armor: Scale mail        |    34 |    88 |    49 ||   171
Dodge: Dodged            |    36 |    88 |   110 ||   234
Block: Buckler           |    13 |    43 |    47 ||   103
